 Dungeon Crawl Stone Soup version 0.19.4 (webtiles) character file.

295 Tsukune the Ruffian (level 6, -12/56 HPs)
             Began as a Ghoul Monk on Jan 30, 2017.
             Killed from afar by Naow's ghost (29 damage)
             ... with an orb of energy
             ... in a sewer.
             The game lasted 00:08:48 (3399 turns).

Tsukune the Ruffian (Ghoul Monk)                    Turns: 3399, Time: 00:08:49

Health: -12/56     AC:  6    Str: 14 (16) XL:     6   Next: 34%
Magic:  5/5        EV: 17    Int:  5      God:
Gold:   161        SH:  0    Dex: 16 (17) Spells: 0 memorised, 5 levels left

rFire  + . .     SeeInvis .       - Unarmed
rCold  + + +     Gourm    .     j - +1 ring mail
rNeg   + + +     Faith    .     (no shield)
rPois  ∞         Spirit   .     (no helmet)
rElec  +         Reflect  .     (no cloak)
rCorr  +         Harm     .     (no gloves)
MR     .....                    (no boots)
Stlth  ++........               (no amulet)
                                (no ring)
                                i - ring of protection from cold

@: agile, resistant, flying, rotting
A: rotting body, claws 1, carnivore 3, cold resistance 1, negative energy
resistance 3, slow regeneration 1, torment resistance, unbreathing
a: no special abilities


You were in a sewer.
You were not hungry.

You visited 1 branch of the dungeon, and saw 4 of its levels.
You also visited: Sewer.

You collected 161 gold pieces.

Inventory:

Armour
 j - a +1 ring mail (worn)
Jewellery
 i - a ring of protection from cold (left claw)
Wands
 b - a wand of random effects (48/48)
Scrolls
 a - a scroll of identify
 g - a scroll of recharging
Potions
 d - a potion of flight
 f - a potion of curing {unknown}
 k - a potion of resistance
 l - a potion of agility
 q - a potion of heal wounds {unknown}
 r - a potion of degeneration {unknown}


   Skills:
 + Level 5.0 Fighting
 - Level 2.6 Dodging
 - Level 2.1 Stealth
 * Level 6.5 Unarmed Combat


You had 5 spell levels left.
You didn't know any spells.

Dungeon Overview and Level Annotations

Branches:
Dungeon (4/15)
 Temple: D:4-7

Altars:
Elyvilon
Yredelemnul

Annotations:
Sewer Naow's ghost, amateur DECj


Innate Abilities, Weirdness & Mutations

Your body is rotting away.
You thrive on raw meat.
You are immune to poison.
You have sharp fingernails.
You are carnivorous and can eat meat at any time.
Your flesh is cold resistant. (rC+)
You are immune to negative energy. (rN+++)
You regenerate slowly when monsters are visible.
You are immune to unholy pain and torment.
You can survive without breathing.


Message History

It was a potion of resistance.
You feel protected. Naow's ghost barely misses you.
It was a potion of agility.
You feel agile all of a sudden.
Naow's ghost whispers, "Trust me.
Just give in."
Naow's ghost misses you.
It was a potion of lignification.
You feel woody for a moment.
Naow's ghost hits you but does no damage.
It was a potion of mutation.
You feel extremely strange.
Your body decomposes!
You feel weakened.
Your body decomposes!
You feel clumsy.
Your body decomposes!
You feel weakened.
Naow's ghost points at you and mumbles some strange words.
The orb of energy hits you!
Ouch! That really hurt!
You die...

.≈≈≈h.. .≈≈≈≈≈≈ ≈≈≈≈≈≈.
.≈≈≈≈≈≈ .≈≈≈≈≈h ..≈≈≈.≈
..≈≈≈≈.##################
≈.K≈≈≈≈W@≈≈≈≈≈≈≈≈≈≈≈≈≈≈≈≈
.≈≈≈≈..##################
#≈≈≈≈≈# #.≈≈≈. #.≈≈≈
..≈≈≈ #.≈≈ #.≈≈


You could see Naow's ghost and a kobold.

Vanquished Creatures
  A hound (D:4)
  Terence (D:2)
  A worker ant (D:4)
  5 gnolls
  4 adders
  2 river rats (D:4)
  5 worms
  3 dart slugs
  A leopard gecko (D:3)
  4 orcs (D:4)
  7 bats
  4 giant cockroaches
  7 hobgoblins
  12 jackals
  9 kobolds
  8 ball pythons
  3 frilled lizards
  9 goblins
  12 rats
98 creatures vanquished.

Notes
Turn   | Place    | Note
-------+----------+-------------------------------------------
     0 | D:1      | Tsukune the Ghoul Monk began the quest for the Orb.
     0 | D:1      | Reached XP level 1. HP: 19/19 MP: 0/0
    64 | D:1      | You fall through a shaft!
    64 | D:2      | Found a basalt altar of Yredelemnul.
   138 | D:1      | Reached XP level 2. HP: 24/26 MP: 1/1
   170 | D:1      | Reached skill level 4 in Unarmed Combat
   619 | D:1      | Reached XP level 3. HP: 30/33 MP: 2/2
  1490 | D:2      | Noticed Terence
  1503 | D:2      | Killed Terence
  1503 | D:2      | Reached skill level 5 in Unarmed Combat
  1503 | D:2      | Reached XP level 4. HP: 39/40 MP: 3/3
  2145 | D:2      | Found a white marble altar of Elyvilon.
  2511 | D:3      | Reached XP level 5. HP: 35/46 MP: 4/4
  3066 | D:4      | Reached skill level 6 in Unarmed Combat
  3127 | D:4      | Reached XP level 6. HP: 46/55 MP: 5/5
  3272 | D:4      | Found a glowing drain.
  3281 | D:4      | Reached skill level 5 in Fighting
  3338 | Sewer    | Entered a sewer
  3391 | Sewer    | Noticed Naow's ghost (amateur DECj)
  3399 | Sewer    | Killed from afar by Naow's ghost

Skill      XL: |  1  2  3  4  5  6 |
---------------+-------------------+-----
Unarmed Combat | 4 5 6 |  6.5
Fighting       | 4 5 |  5.0
Dodging        | |  2.6
Stealth        | |  2.1

Action                   |  1- 3 |  4- 6 || total
-------------------------+-------+-------++-------
Melee: Unarmed           |   104 |   229 ||   333
       Punch             |       |     1 ||     1
Evoke: Wand              |     1 |       ||     1
  Use: Scroll            |       |     6 ||     6
       Potion            |       |     6 ||     6
 Stab: Sleeping          |     9 |       ||     9
  Eat: Chunk             |    28 |    60 ||    88
       Meat ration       |     4 |       ||     4
Armor: Robe              |    16 |       ||    16
       Ring mail         |       |    76 ||    76
Dodge: Dodged            |    65 |   166 ||   231
